 Dungeon Crawl Stone Soup version 0.28.0-1-gb440e238dd (webtiles) character file.

Game seed: 6469477237571327971

509 spaghetti the Sneak (level 6, 0/56 HPs)
             Began as a Deep Dwarf Delver on Feb 19, 2022.
             Was a Follower of Zin.
             Slain by an ogre (20 damage)
             ... on level 4 of the Dungeon.
             The game lasted 00:05:28 (1599 turns).

spaghetti the Sneak (Deep Dwarf Delver)             Turns: 1599, Time: 00:05:28

Health: 0/56       AC: 10    Str: 18    XL:     6   Next: 98%
Magic:  6/6        EV: 11    Int: 11    God:    Zin [*.....]
Gold:   88         SH:  0    Dex: 16    Spells: 5/5 levels left

rFire   . . .      SeeInvis .   j - +0 long sword (vorpal)
rCold   . . .      Faith    .   (no shield)
rNeg    . . .      Spirit   .   k - +2 scale mail of Anaesthesia {Regen+ rCorr Int+3}
rPois   .          Reflect  .   (no helmet)
rElec   .          Harm     .   (no cloak)
rCorr   +          Rampage  .   i - +1 pair of gloves
Will    .....                   (no boots)
Stlth   +++.......              (no amulet)
HPRegen 0.00/turn               (no ring)
MPRegen 0.10/turn               (no ring)

@: no status effects
A: damage resistance, heal wounds, sense surroundings 1, no regeneration, thin
skeletal structure 1, dopey 1
a: Heal Wounds, Renounce Religion, Recite, Donate Gold


You were on level 4 of the Dungeon.
You worshipped Zin.
Zin was aware of your devotion.
You visited 1 branch of the dungeon, and saw 3 of its levels.

You collected 97 gold pieces.
You donated 9 gold pieces to Zin.

Inventory:

Hand Weapons
 a - a +0 falchion
 j - a +0 vorpal long sword (weapon)
Missiles
 f - 17 stones (quivered)
Armour
 b - a +0 leather armour
 i - a +1 pair of gloves (worn)
 k - the +2 scale mail of Anaesthesia (worn) {Regen+ rCorr Int+3}
   (You found it on level 4 of the Dungeon)

   Int:       It affects your intelligence (+3).
   Regen:     It increases your rate of health regeneration.
   rCorr:     It protects you from acid and corrosion.
Jewellery
 l - an amulet of magic regeneration
Wands
 g - a wand of digging (3)
Scrolls
 c - a scroll of fog
 d - 2 scrolls of teleportation
 e - a scroll of fear
Potions
 h - 2 potions of mutation


   Skills:
 - Level 3.5 Fighting
 + Level 5.7 Long Blades
 + Level 2.2 Armour
 - Level 3.4 Dodging
 - Level 6.8 Stealth


You had 5 spell levels left.
You didn't know any spells.
Your spell library was empty.

Dungeon Overview and Level Annotations

Branches:
Dungeon (6/15)
 Temple: D:4-7

Altars:
Gozag
Kikubaaqudgha
Zin

Shops:
D:4 =

Annotations:
D:4 Dowan, Natasha


Innate Abilities, Weirdness & Mutations

You are resistant to damage.
You can heal yourself by infusing magical energy.
You passively map a small area around you.
You do not regenerate.
You have a somewhat thin skeletal structure. (Dex +2, Stealth+)
You are dopey. (Int -2)


Message History

Aim: an ogre, wielding a +0 giant club (wandering, hasn't noticed you, 75% to hit)
You throw a stone. The ogre shouts!
The stone hits the ogre but does no damage.
Throw: 20 stones
Press: ? - help, Q - select action, (/) - cycle Shift-Dir - straight line, f/p - ogre
Aim: an ogre, wielding a +0 giant club (75% to hit)
You throw a stone. The stone hits the ogre.
The ogre is lightly wounded.
Throw: 19 stones
Press: ? - help, Q - select action, (/) - cycle Shift-Dir - straight line, f/p - ogre
Aim: an ogre, wielding a +0 giant club (lightly wounded, 75% to hit)
You throw a stone.
The stone hits the ogre but does no damage.
The ogre is lightly wounded.
Throw: 18 stones
Press: ? - help, Q - select action, (/) - cycle Shift-Dir - straight line, f/p - ogre
Aim: an ogre, wielding a +0 giant club (lightly wounded, 75% to hit)
You throw a stone.
The stone hits the ogre but does no damage.
The ogre is lightly wounded.
The ogre barely misses you.
You slash the ogre!
The ogre is heavily wounded.
You barely miss the ogre.
The ogre is heavily wounded.
The ogre completely misses you.
You hit the ogre.
The ogre is severely wounded.
The ogre barely misses you.
You hit the ogre.
The ogre is almost dead.
The ogre barely misses you.
You hit the ogre.
The ogre is almost dead.
The ogre closely misses you.
You barely miss the ogre.
The ogre is almost dead.
The ogre hits you with a +0 giant club!!
You die...

# #######.........# #.#
###.....#.........# #.#
#.......#.........# #.#
#.......#.........# #.#
#.......#.........# #.#
###...............# #.#
..................###.#
#####<..#...#.........#
........#._.#...@.#####
#########...####O## .#
#####,,(..# ## ##Z##
(...# # #####.(...# #
*#####.(...# # ......#
* # ........ #


You could see an ogre.

Vanquished Creatures
  Duvessa (D:4)
  3 scorpions (D:5)
  An orc priest (D:5)
  4 hounds
  Natasha (D:4)
  A hound skeleton (D:4)
  An adder (D:5)
  An ufetubus (D:5)
  2 dart slugs (D:4)
  5 orcs
  An endoplasm (D:4)
  2 giant cockroaches (D:4)
  A goblin (D:4)
  A hobgoblin (D:4)
  2 jackals (D:4)
27 creatures vanquished.

Vanquished Creatures (others)
  A human (D:4)
1 creature vanquished.

Grand Total: 28 creatures vanquished

Notes
Turn   | Place    | Note
-------+----------+-------------------------------------------
     0 | D:5      | spaghetti the Deep Dwarf Delver began the quest for the
                  | Orb.
     0 | D:5      | Reached XP level 1. HP: 20/20 MP: 1/1
     1 | D:6      | Noticed a gargoyle
    42 | D:5      | Noticed a hound
    54 | D:5      | Found a glowing silver altar of Zin.
    77 | D:5      | Noticed a scorpion
    84 | D:5      | Killed a scorpion
    85 | D:5      | Reached XP level 2. HP: 22/28 MP: 2/2
    85 | D:5      | Reached XP level 3. HP: 27/34 MP: 3/3
   157 | D:5      | Reached XP level 4. HP: 33/42 MP: 4/4
   244 | D:5      | Noticed a scorpion
   301 | D:5      | Became a worshipper of Zin the Law-Giver
   332 | D:5      | Noticed a scorpion
   341 | D:5      | Killed a scorpion
   342 | D:5      | Reached XP level 5. HP: 36/49 MP: 5/5
   552 | D:5      | Reached XP level 6. HP: 18/56 MP: 6/6
   557 | D:5      | Gained mutation: You are dopey. (Int -2) [potion of
                  | mutation]
   557 | D:5      | Gained mutation: You have a somewhat thin skeletal
                  | structure. (Dex +2, Stealth+) [potion of mutation]
   687 | D:4      | Reached * piety under Zin
   713 | D:4      | Reached skill level 5 in Long Blades
   758 | D:4      | Found Bopn's Jewellery Boutique.
   864 | D:4      | Noticed Natasha
   872 | D:4      | Killed Natasha
   912 | D:4      | Identified the +2 scale mail of Anaesthesia {Regen+ rCorr
                  | Int+3}
  1159 | D:4      | Found an opulent altar of Gozag.
  1306 | D:4      | Noticed Duvessa
  1306 | D:4      | Noticed Dowan
  1319 | D:4      | Noticed Natasha
  1339 | D:4      | Killed Duvessa
  1580 | D:4      | Found an ancient bone altar of Kikubaaqudgha.
  1581 | D:4      | Noticed a human
  1584 | D:4      | Killed a human
  1599 | D:4      | Slain by an ogre

Illustrated notes

Levels and vault maps discovered:
D:4:      layout_basic, tgw_kikubaaqudgha, mainiacjoe_overflow_boulevard,
          serial_shops, kennysheep_mini_moat, serial_co_window_serial,
          co_window_corner_a, co_window_of_opportunity_a, co_window_corner_a,
          co_window_paths_a, co_window_paths_a, co_window_of_opportunity_c,
          co_window_2corner, co_window_broadway_a, co_window_paths_e,
          co_window_paths_d, glass_columns_b, glass_columns_b, glass_columns_c,
          glass_columns_b, uniq_natasha, uniq_robin, uniq_duvessa
D:5:      layout_loops_ring, nicolae_tso_swordbearing_angel,
          mainiacjoe_overflow_concentric_impassable
D:6:      layout_basic, okawaru_metal_pillars_3

Skill      XL: |  1  2  3  4  5  6 |
---------------+-------------------+-----
Fighting       | 3 |  3.5
Dodging        | 3 |  3.4
Long Blades    | 3 4 5 |  5.7
Armour         | 2 |  2.2
Stealth        | |  6.8

Action                   |  1- 3 |  4- 6 || total
-------------------------+-------+-------++-------
Melee: Falchion          |     8 |    30 ||    38
       Punch             |     1 |     1 ||     2
       Long sword        |       |    79 ||    79
Throw: Stone             |       |     4 ||     4
Invok: Recite            |       |     1 ||     1
 Abil: Heal Wounds       |       |     2 ||     2
  Use: Scroll            |     1 |     4 ||     5
       Potion            |       |     7 ||     7
 Stab: Sleeping          |       |     6 ||     6
Armor: Leather armour    |     2 |     6 ||     8
       Scale mail        |       |    15 ||    15
Dodge: Dodged            |     7 |    61 ||    68
